Unix NetHack Version 5.0.0-0 post-release - last build May  4 2026 22:22:43 (774f63e81ad911689b3a0859ea89b322d5daca8d,branch:main).

Game began 2026-05-08 16:29:00, ended 2026-05-08 17:00:07.

2459832143, lawful female human Samurai

                                                           --..
                                                          --....
                                                          |.......--
                                 ----.-------             |........--
                                 -B@#.^..<..--            ---..%.......|
                                 .%..........--               -........--
                                 )..  --........              -----.....|
                                       --..--....                 --....|
                                        |..----.|             ------.|..|
                                         -......|         --- |......|---
                                         ------.|     --- |..--.------
                                              |.----  |..--.....|..-
                                              |....-  |.............|
                                              --....----............--
                                              --...%........|.--.....|
                                              |.....-----..------....|
                                              --.----   ---     |..---
                                               ---              ----
2459832143 the Ronin   St:16 Dx:16 Co:18 In:10 Wi:9 Ch:6  Lawful
Dlvl:5  $:30 HP:0(38) Pw:10(10) AC:4  Xp:3 T:650 

Latest messages:
 The bat bites!
 The bat misses!
 What do you want to throw? [$cdglm or ?*] ?
 What do you want to throw? [$cdglm or ?*] l
 In what direction? 2
 You aren't wielding a bow, so you throw your arrow by hand.
 The arrow misses the bat.
 The bat misses!
 The bat misses!
 You miss the bat.
 The bat bites!
 You kill the bat!
 Welcome to experience level 3.
 The bat misses!
 The gnome lord picks up an ebony wand.
 The bat misses!
 You hit the gnome lord!
 The bat bites!
 The gnome lord hits!
 The bat misses!
 You hit the gnome lord!
 The bat bites!
 The gnome lord hits!
 You miss the gnome lord.
 The bat bites!
 You hit the gnome lord.
 The bat misses!
 The gnome lord hits!
 You miss the gnome lord.
 The bat misses!
 You kill the gnome lord!
 The bat bites!
 What do you want to read? [f or ?*] f
 You know "healing" quite well already.
 Refresh your memory anyway? [yn] (n) y
 You begin to memorize the runes.
 The bat misses!
 You stop studying.
 The bat misses!
 You miss the bat.
 The bat misses!
 The bat bites!
 You miss the bat.
 The bat bites!
 You die...
 Do you want your possessions identified? [ynq] (y) n
 Do you want to see your attributes? [ynq] (y) n
 Do you want an account of creatures vanquished? [ynaq] (y) n
 Do you want to see your conduct and achievements? [ynq] (y) n
 Do you want to see the dungeon overview? [ynq] (y) n

Inventory:
 Coins    ('$')
  $ - 30 gold pieces
 Weapons  (')')
  d - 35 +0 ya (in quiver)
  c - a +0 yumi
  g - 10 +0 darts
  m - the +0 Fire Brand
  a - a +0 katana (weapon in right hand)
 Armor    ('[')
  e - an uncursed rustproof +0 splint mail (being worn)
 Comestibles  ('%')
  j - an uncursed gunyoki
  i - an uncursed egg
 Spellbooks  ('+')
  f - an uncursed spellbook of healing
 Wands    ('/')
  h - a wand of lightning (0:4)
 Tools    ('(')
  k - an uncursed mirror
 Gems/Stones  ('*')
  n - an uncursed worthless piece of green glass
  o - an uncursed worthless piece of yellow glass

2459832143 the Samurai's attributes:

Background:
 You were a Ronin, a level 3 female human Samurai.
 You were lawful, on a mission for Amaterasu Omikami
 who was opposed by Raijin (neutral) and Susanowo (chaotic).
 You were right-handed.
 You were in the Gnomish Mines, on level 5.
 You entered the dungeon 650 turns ago.
 You had 57 experience points, 23 more were needed to attain level 4.

Basics:
 You had 0 out of 38 hit points.
 You had all 10 energy points (spell power).
 Your armor class was 4.
 Your wallet contained 30 zorkmids.
 Autopickup was off.

Final Characteristics:
 Your strength was 16 (limit:18/100).
 Your dexterity was 16 (limit:18).
 Your constitution was 18 (limit:18).
 Your intelligence was 10 (limit:18).
 Your wisdom was 9 (limit:18).
 Your charisma was 6 (limit:18).

Final Status:
 You weren't hungry.
 You were unencumbered.
 You were wielding a long sword.
 You had basic skill with long sword.

Final Attributes:
 You were fervently aligned.
 You were warded.
 Your spell casting was impaired by metallic armor.
 You were fast.
 You are dead.

Miscellaneous:
 You didn't encounter any bones levels.
 Total elapsed playing time was 31 minutes and 4 seconds.

Major events:
 Turn
    1: 2459832143 the lawful female human Samurai entered the dungeon
  504: entered the Gnomish Mines
  631: found Fire Brand on the floor
  643: attained the rank of Ronin (level 3)
  650: killed by a bat

Spells:
 Name                 Level Category     Fail Retention
 healing                1   healing      100%  76%-100%

Skills:
 Fighting Skills
   martial arts      [Basic]
   two weapon combat [Unskilled]
   riding            [Unskilled]
 Weapon Skills
   dagger            [Unskilled]
   knife             [Unskilled]
   short sword       [Basic]
   broadsword        [Unskilled]
   long sword        [Basic]
   two-handed sword  [Unskilled]
   saber             [Unskilled]
   flail             [Unskilled]
   quarterstaff      [Unskilled]
   polearms          [Unskilled]
   spear             [Unskilled]
   lance             [Unskilled]
   bow               [Basic]
   shuriken          [Unskilled]
 Spellcasting Skills
   attack spells     [Unskilled]
   divination spells [Unskilled]
   clerical spells   [Unskilled]

Voluntary challenges:
 Character rerolling was not enabled.
 You went without food.
 You were an atheist.
 You never genocided any monsters.
 You never polymorphed an object.
 You never changed form.
 You used no wishes.
Achievements:
 You entered the Gnomish Mines.
 You attained the rank of Ronin.

 The Dungeons of Doom: levels 1 to 4
    Level 1:
    Level 2:
       A sink.
    Level 3:
       A fountain.
    Level 4:
       A fountain.
       Stairs down to The Gnomish Mines.
 The Gnomish Mines:
    Level 5: <- You were here.
       Final resting place for
          you, killed by a bat.


Vanquished creatures:
  2 gnome leaders
  a wererat
  a brown mold
  5 gnomes
  a jackal
  a sewer rat
  2 bats
  2 lichens
  a kobold zombie
  a newt
17 creatures vanquished.

No species were genocided or became extinct.

Game over:
                       ----------
                      /          \
                     /    REST    \
                    /      IN      \
                   /     PEACE      \
                  /                  \
                  |    2459832143    |
                  |      30 Au       |
                  | killed by a bat  |
                  |                  |
                  |                  |
                  |                  |
                  |       2026       |
                 *|     *  *  *      | *
        _________)/\\_//(\/(/\)/\//\/|_)_______

Sayonara 2459832143 the Samurai...

You died in The Gnomish Mines on dungeon level 5 with 465 points,
and 30 pieces of gold, after 650 moves.
You were level 3 with a maximum of 38 hit points when you died.

